AoeStats
← Hamza Khan

Lombardia

509492222Analyzed
4v4 RM · 6d ago on Sep 27, 2026· 52m 29s· 8 players
Game mode
Random Map
Map size
Large (8 player)
Population
200
Speed
Normal
Resources
Standard
Victory
Conquest
Starting age
Dark Age
Ending age
Imperial Age
RankedLock teamsTeams togetherTeam positionsShared explorationLock speedFull tech treeHidden civsTurbo modeCheats
Victory
Defeat
🇺🇸 Wu · United States
884
+14
🇨🇴 Wei · Colombia
874
+14
🇲🇽 Goths · Mexico
844
+15
🇺🇸 Mongols · United States
821
+16
🇸🇪 Burgundians · Sweden
871
-16
🇦🇷 Shu · Argentina
855
-16
🇩🇪 Wu · Germany
809
-14
🇫🇷 Britons · France
792
-13
Jelling4
0:53 Loom
9:47 Feudal Age
11:56 Double-Bit Axe
11:52 Horse Collar
16:09 Wheelbarrow
20:08 Castle Age
20:12 Gold Mining
20:13 Stone Mining
22:12 Bow Saw
23:05 Caravan
23:20 Town Watch
25:43 Heavy Plow
31:10 Bloodlines
31:13 Scale Barding Armor
31:19 Forging
31:00 Fletching
31:12 Padded Archer Armor
32:07 Hand Cart
33:21 Gold Shaft Mining
33:26 Husbandry
36:19 Imperial Age
35:52 Stone Shaft Mining
36:10 Leather Archer Armor
35:51 Bodkin Arrow
36:16 Chain Barding Armor
36:33 Iron Casting
35:57 Pikeman
36:38 Squires
36:41 Nomads
37:06 Ballistics
36:54 Thumb Ring
38:10 Conscription
37:58 Heavy Camel Rider
40:19 Town Patrol
40:42 Elite Mangudai
40:52 Elite Steppe Lancer
42:41 Blast Furnace
41:42 Bracer
42:47 Chemistry
49:43 Drill
49:41 Murder Holes
50:00 Fortified Wall
ERIKXG20
1:18 Loom
13:58 Feudal Age
14:39 Gold Mining
16:23 Double-Bit Axe
21:55 Castle Age
22:09 Stone Mining
23:10 Bow Saw
23:17 Horse Collar
26:11 Wheelbarrow
25:56 Treadmill Crane
30:17 Imperial Age
30:55 Squires
31:08 Forging
30:59 Scale Mail Armor
32:00 Anarchy
32:54 Heavy Plow
33:56 Town Watch
35:05 Elite Huskarl
37:39 Iron Casting
37:19 Chain Mail Armor
37:55 Caravan
39:05 Hand Cart
40:16 Blast Furnace
44:01 Conscription
44:23 Town Patrol
45:48 Perfusion
51:09 Chemistry
50:21 Masonry
bergiebird
11:22 Feudal Age
11:51 Loom
12:09 Horse Collar
12:17 Double-Bit Axe
16:04 Castle Age
16:02 Wheelbarrow
15:43 Loom
16:33 Wheelbarrow
15:44 Town Watch
15:56 Stone Mining
16:57 Heavy Plow
17:27 Fletching
18:50 Bodkin Arrow
20:11 Town Watch
24:08 Padded Archer Armor
24:14 Gold Mining
25:01 Stone Shaft Mining
25:30 Leather Archer Armor
26:36 Gold Shaft Mining
27:45 Red Cliffs Tactics
28:32 Ballistics
35:22 Imperial Age
33:09 Hand Cart
33:12 Bow Saw
37:04 Chemistry
36:07 Treadmill Crane
36:51 Masonry
37:43 Chemistry
37:31 Bracer
38:25 Conscription
40:16 Town Patrol
40:51 Architecture
40:21 Murder Holes
41:13 Elite Fire Archer
49:36 Two-Man Saw
Caesar6742
0:54 Loom
14:10 Feudal Age
15:02 Horse Collar
15:10 Double-Bit Axe
15:17 Gold Mining
16:48 Wheelbarrow
22:09 Castle Age
21:22 Bloodlines
21:28 Stone Mining
21:54 Forging
21:50 Scale Barding Armor
21:52 Town Watch
23:16 Bow Saw
23:37 Heavy Plow
24:45 Gold Shaft Mining
24:46 Stone Shaft Mining
24:51 Hand Cart
25:01 Husbandry
30:11 Iron Casting
33:18 Chain Barding Armor
33:16 Town Watch
34:52 Ballistics
34:45 Masonry
34:16 Treadmill Crane
34:54 Caravan
39:19 Imperial Age
36:50 Town Patrol
36:20 Light Cavalry
38:19 Thumb Ring
38:10 Fletching
38:23 Padded Archer Armor
38:34 Tuntian
41:39 Blast Furnace
40:55 Heavy Hei Guang Cavalry
42:03 Conscription
43:41 Ming Guang Armor
43:54 Elite Tiger Cavalry
45:06 Hussar
47:40 Parthian Tactics
47:33 Bodkin Arrow
47:54 Leather Archer Armor
48:16 Bracer
49:08 Hoardings
Rdal4
15:35 Feudal Age
17:57 Loom
22:24 Castle Age
22:22 Gold Mining
22:22 Stone Mining
22:21 Double-Bit Axe
26:35 Imperial Age
25:26 Forging
25:21 Scale Barding Armor
25:19 Scale Mail Armor
25:09 Fletching
25:19 Padded Archer Armor
25:25 Padded Archer Armor
26:47 Wheelbarrow
28:08 Gold Shaft Mining
30:35 Squires
30:21 Arson
32:02 Scale Barding Armor
32:15 Chain Mail Armor
33:34 Ballistics
34:56 Hand Cart
34:27 Town Watch
35:47 Bow Saw
36:13 Iron Casting
36:09 Plate Mail Armor
35:39 Arrowslits
36:38 Conscription
37:10 Town Patrol
37:48 Yeomen
37:55 Horse Collar
39:01 Hoardings
38:03 Elite Longbowman
40:46 Blast Furnace
47:10 Chemistry
46:00 Heated Shot
46:21 Fortified Wall
46:07 Murder Holes
46:18 Siege Engineers
46:23 Masonry
45:55 Treadmill Crane
48:19 Bodkin Arrow
48:39 Leather Archer Armor
49:38 Bracer
49:52 Cavalier
50:33 Husbandry
Armes Würstchen
Hamza Khan
0:30 Loom
11:52 Feudal Age
10:12 Double-Bit Axe
10:45 Horse Collar
13:00 Bow Saw
13:52 Wheelbarrow
15:01 Heavy Plow
20:04 Castle Age
17:58 Stone Mining
18:31 Gold Mining
20:02 Stone Shaft Mining
20:42 Pikeman
22:49 Two-Man Saw
22:55 Gold Shaft Mining
23:55 Crop Rotation
28:57 Imperial Age
26:31 Town Watch
26:13 Elite Skirmisher
28:39 Hand Cart
28:34 Squires
29:00 Capped Ram
29:57 Arson
29:52 Halberdier
31:41 Conscription
33:40 Forging
33:30 Scale Mail Armor
36:28 Chemistry
35:09 Treadmill Crane
36:22 Iron Casting
35:37 Fletching
35:48 Padded Archer Armor
39:59 Burgundian Vineyards
40:05 Elite Coustillier
42:10 Leather Archer Armor
41:50 Bodkin Arrow
42:02 Scale Barding Armor
41:54 Bodkin Arrow
43:50 Chain Mail Armor
44:36 Blast Furnace
44:00 Town Patrol
45:06 Arrowslits
45:32 Fortified Wall
45:51 Flemish Revolution
48:01 Chain Barding Armor
Ultra cogolloo
1:24 Loom
11:17 Feudal Age
12:54 Wheelbarrow
12:07 Double-Bit Axe
12:11 Horse Collar
14:39 Fletching
15:19 Gold Mining
18:50 Castle Age
18:17 Stone Mining
19:29 Crossbowman
21:44 Bodkin Arrow
25:26 Padded Archer Armor
29:48 Elite Skirmisher
35:02 Leather Archer Armor
34:57 Thumb Ring
35:58 Ballistics
38:45 Imperial Age
36:31 Hand Cart
38:50 Capped Ram
39:56 Conscription
41:13 Chemistry
Connection lost

Rejoining the realm…

Still unreachable

The connection could not be restored.

Session expired

The server has moved on; the page needs a fresh start.